 Dungeon Crawl Stone Soup version 0.28.0-45-g0d030f2227 (webtiles) character file.

Game seed: 11859065194245718525

77 pkoi the Stinger (level 3, -1/26 HPs)
             Began as a Demigod Venom Mage on Apr 15, 2022.
             Slain by a goblin
             ... wielding a +0 dagger
              (3 damage)
             ... on level 2 of the Dungeon.
             The game lasted 00:02:11 (2712 turns).

pkoi the Stinger (Demigod Venom Mage)               Turns: 2712, Time: 00:02:12

Health: -1/26      AC:  2    Str:  9    XL:     3   Next: 92%
Magic:  1/8        EV: 12    Int: 21    God:
Gold:   48         SH:  0    Dex: 14    Spells: 2/5 levels left

rFire   . . .      SeeInvis .   b - +1 spear (vorpal)
rCold   . . .      Faith    .   (no shield)
rNeg    . . .      Spirit   .   a - +0 robe
rPois   .          Reflect  .   (no helmet)
rElec   .          Harm     .   (no cloak)
rCorr   .          Rampage  .   (no gloves)
Will    .....                   (no boots)
Stlth   ++........              (no amulet)
HPRegen 0.08/turn               (no ring)
MPRegen 0.11/turn               (no ring)

@: no status effects
A: high MP 1, forlorn, divine attributes
a: no special abilities


You were on level 2 of the Dungeon.
You visited 1 branch of the dungeon, and saw 2 of its levels.

You collected 48 gold pieces.

Inventory:

Hand Weapons
 b - a +1 vorpal spear (weapon)
 c - a +0 club
 g - a +1 dagger
Armour
 a - a +0 robe (worn)
Scrolls
 f - a scroll of magic mapping
Potions
 d - a potion of curing {unknown}


   Skills:
 - Level 1.7 Dodging
 - Level 1.7 Stealth
 - Level 1.7 Spellcasting
 + Level 1.8 Transmutations
 + Level 1.4 Air Magic
 + Level 3.8 Poison Magic


You had 2 spell levels left.
You knew the following spells:

 Your Spells              Type           Power      Damage    Failure   Level
a - Sting                 Tmut/Pois      52%        1d5       4%          1
b - Poisonous Vapours     Pois/Air       24%        N/A       8%          2

Your spell library contained the following spells:

 Spells                   Type           Power      Damage    Failure   Level
 Beastly Appendage        Tmut           18%        N/A       8%          1
 Wereblood                Tmut           9%         N/A       11%         2
 Spider Form              Tmut/Pois      13%        N/A       14%         3
 Mephitic Cloud           Conj/Pois/Air  9%         N/A       22%         3
 Olgreb's Toxic Radiance  Pois           18%        N/A       30%         4


Dungeon Overview and Level Annotations

Branches:
Dungeon (2/15)


Innate Abilities, Weirdness & Mutations

You have an increased reservoir of magic. (+10% MP)
You shall have no god before yourself.
Your divine heritage dramatically boosts your attributes as you level up.


Message History

Press: ? - help, Q - select action, (/) - cycle Shift-Dir - straight line, f/p - gnoll
Aim: a gnoll, wielding a +0 spear (moderately wounded, poisoned, 75% to hit)
The sting hits the gnoll.
The gnoll looks even sicker.
You kill the gnoll!
The gnoll hits you from afar with a +0 spear!
* * * LOW HITPOINT WARNING * * *
Aiming: Sting (safe; 4% risk of failure)
Press: ? - help, Q - select action, (/) - cycle Shift-Dir - straight line, f/p - gnoll
Aim: a gnoll, wielding a +0 spear (moderately wounded, poisoned, 75% to hit)
You miscast Sting.
You are very lightly contaminated with residual magic.
Nothing appears to happen.
The gnoll hits you from afar with a +0 spear.
* * * LOW HITPOINT WARNING * * *
Aiming: Sting (safe; 4% risk of failure)
Press: ? - help, Q - select action, (/) - cycle Shift-Dir - straight line, f/p - gnoll
Aim: a gnoll, wielding a +0 spear (heavily wounded, poisoned, 75% to hit)
The sting hits the gnoll but does no damage.
The gnoll looks even sicker.
The gnoll is heavily wounded.
The gnoll hits you from afar with a +0 spear.
* * * LOW HITPOINT WARNING * * *
A goblin comes into view. It is wielding a +0 dagger.
An adder comes into view.
The goblin shouts!
A bat comes into view.
You miss the bat. The bat barely misses you.
The bat hits you but does no damage.
The gnoll hits you from afar with a +0 spear.
* * * LOW HITPOINT WARNING * * *
The bat closely misses you.
A kobold comes into view. It is wielding a +0 short sword.
Found 10 gold pieces.
The bat barely misses you. The bat completely misses you.
The goblin hits you but does no damage. The adder barely misses you.
Your magical contamination has completely faded away.
You kill the gnoll!
The bat hits you.
* * * LOW HITPOINT WARNING * * *
The goblin hits you with a +0 dagger.
You die...

#. ##'#######..## #
#......$##.... .#
#..K....##...##.##
#.......##......g###
#.......##.(..#.g..#
#.......##.... ..#.##
#......@###.####g...#
#.....Sgb.).<#......#
#........##.#)...##.####
#........##>............
##.......####...........
#.......# #..#.........
#.......# #............
........# ##.##........
........# #.###.##....


You could see an adder, a goblin, a bat and a kobold (wandering).

Vanquished Creatures
  4 gnolls
  2 adders
  2 dart slugs (D:1)
  4 ball pythons (D:1)
  A bat (D:1)
  6 endoplasms
  A giant cockroach (D:2)
  A goblin (D:1)
  A hobgoblin (D:2)
  4 kobolds
  2 rats
28 creatures vanquished.

Notes
Turn   | Place    | Note
-------+----------+-------------------------------------------
     0 | D:1      | pkoi the Demigod Venom Mage began the quest for the Orb.
     0 | D:1      | Reached XP level 1. HP: 14/14 MP: 5/5
   418 | D:1      | Reached skill level 3 in Poison Magic
   746 | D:1      | Reached XP level 2. HP: 20/20 MP: 5/7
   864 | D:1      | Learned a level 2 spell: Poisonous Vapours
   911 | D:1      | Reached skill level 1 in Transmutations
  1887 | D:2      | Reached XP level 3. HP: 25/26 MP: 3/8
  2096 | D:2      | Reached skill level 1 in Air Magic
  2712 | D:2      | Slain by a goblin

Illustrated notes

Levels and vault maps discovered:
D:1:      zaba_arrival_water, layout_loops_ring,
          hellmonk_ecumenical_altar_inner_sanctum, item_on_display_a
D:2:      layout_basic

Skill      XL: |  1  2  3 |
---------------+----------+-----
Poison Magic   | 3 |  3.8
Transmutations | 1 |  1.8
Air Magic      | 1 |  1.4
Dodging        | |  1.7
Stealth        | |  1.7
Spellcasting   | |  1.7

Action                   || total
-------------------------++-------
Melee: Unarmed           ||     9
       Dagger            ||     7
       Spear             ||    10
 Cast: Sting             ||    61
       Poisonous Vapours ||     2
  Use: Scroll            ||     4
Armor: Robe              ||    10
Dodge: Dodged            ||    37
